 Dungeon Crawl Stone Soup version 0.20.1-1-g8b1a95d (webtiles) character file.

91 pTCGFNYNwU3Fd6TS the Shield-Bearer (level 4, -1/40 HPs)
             Began as a Minotaur Fighter on Nov 1, 2017.
             Slain by an orc wizard
             ... wielding a +0 dagger of venom
              (2 damage)
             ... on level 3 of the Dungeon.
             The game lasted 00:24:30 (1708 turns).

pTCGFNYNwU3Fd6TS the Shield-Bearer (MiFi)           Turns: 1708, Time: 00:24:30

Health: -1/40      AC: 12    Str: 22    XL:     4   Next: 33%
Magic:  3/3        EV:  6    Int:  5    God:
Gold:   56         SH: 14    Dex:  9    Spells: 3/3 levels left

rFire    . . .     SeeInvis .   a - +0 war axe
rCold    . . .     Gourm    .   c - +0 shield
rNeg     . . .     Faith    .   n - +3 chain mail
rPois    .         Spirit   .   (helmet restricted)
rElec    .         Reflect  +   (no cloak)
rCorr    .         Harm     .   (no gloves)
MR       .....                  (no boots)
Stlth    ..........             o - +5 amulet of reflection
Regen    0.2/turn               l - ring of stealth
MPRegen  0.1/turn               (no ring)

@: lethally poisoned (-1 -> -46)
A: retaliatory headbutt, horns 2
a: no special abilities


You were on level 3 of the Dungeon.
You were not hungry.

You visited 1 branch of the dungeon, and saw 3 of its levels.

You collected 56 gold pieces.

Inventory:

Hand Weapons
 a - a +0 war axe (weapon)
 r - a cursed -1 mace
Missiles
 g - 20 bolts
 h - 6 javelins (quivered)
 m - 22 arrows
Armour
 c - a +0 shield (worn)
 n - a +3 chain mail (worn)
Magical Staves
 t - an uncursed staff of summoning
Jewellery
 l - a ring of stealth (left hand)
 o - a +5 amulet of reflection (around neck)
Wands
 s - a wand of digging (9/24)
Scrolls
 b - a scroll of identify {unknown}
 i - 4 scrolls of teleportation {unknown}
 p - 2 scrolls of fog {unknown}
 q - a scroll of enchant armour {unknown}
Potions
 d - a potion of might
 j - a potion of flight {unknown}
Comestibles
 f - a royal jelly
 k - 4 fruits


   Skills:
 + Level 4.2 Fighting
 + Level 3.4 Axes
 + Level 4.3 Armour
 + Level 0.2 Dodging
 + Level 4.6 Shields


You had 3 spell levels left.
You didn't know any spells.

Dungeon Overview and Level Annotations

Branches:
Dungeon (3/15)

Altars:
Ru


Innate Abilities, Weirdness & Mutations

You reflexively headbutt those who attack you in melee.
You have a pair of horns on your head.


Message History

The hobgoblin barely misses you.
You feel very sick. Something hits you but does no damage.
You are more poisoned.
You closely miss something.
* * * LOW HITPOINT WARNING * * *
You feel extremely sick. The orc wizard casts a spell at you.
The magic dart hits something.
You hear some strange, mumbled words.
Something tries to affect you, but you resist.
The hobgoblin hits you but does no damage.
You feel less confused.
* * * LOW HITPOINT WARNING * * *
You feel very sick.
The orc wizard hits you but does no damage.
* * * LOW HITPOINT WARNING * * *
You feel very sick. Something hits you.
You die...

#.##...........( ..
#.....#...... .
#.....##..... ..
####..##..... .. ...
##.##..... ...
...#####......... ....
...........#.....
....######.....######...
...#..#@.#.....#..#....#
......#o.#..#..#..#.....
#....g'..#..'.....#.#
#....#########.......
#..)..'._#..'........
#..≈..≈..#..#..#.....
#..≈..≈.....#..#....#
#≈≈≈≈≈≈...).#########
#.r≈...........#


You could see an orc wizard and a hobgoblin.

Vanquished Creatures
  A hound skeleton (D:3)
  2 adders
  An ooze (D:2)
  3 worms
  2 leopard geckos (D:2)
  2 orcs (D:3)
  4 bats
  2 giant cockroaches (D:1)
  5 goblins
  3 hobgoblins
  8 kobolds
  A quokka (D:2)
  A ball python (D:2)
  2 frilled lizards
  8 rats
45 creatures vanquished.

Notes
Turn   | Place    | Note
-------+----------+-------------------------------------------
     0 | D:1      | pTCGFNYNwU3Fd6TS the Minotaur Fighter began the quest for the Orb.
     0 | D:1      | Reached XP level 1. HP: 19/19 MP: 0/0
   103 | D:1      | Reached XP level 2. HP: 11/27 MP: 1/1
   784 | D:1      | Reached XP level 3. HP: 32/33 MP: 2/2
  1460 | D:2      | Reached XP level 4. HP: 35/40 MP: 3/3
  1665 | D:3      | Found a sacrificial altar of Ru.
  1708 | D:3      | HP: 1/40 [poisoned by an orc wizard]
  1708 | D:3      | Slain by an orc wizard

Skill      XL: |  1  2  3 |
---------------+----------+-----
Fighting       | 4 |  4.2
Armour         | 4 |  4.3
Shields        | 4 |  4.6
Axes           | 3 |  3.4
Dodging        | |  0.2

Action                   |  1- 3 |  4- 6 || total
-------------------------+-------+-------++-------
Melee: War axe           |    93 |    16 ||   109
       Headbutt          |    11 |     3 ||    14
Evoke: Wand              |       |     1 ||     1
  Use: Potion            |       |     1 ||     1
  Eat: Bread ration      |     1 |       ||     1
Armor: Scale mail        |     8 |       ||     8
       Chain mail        |    23 |    19 ||    42
Dodge: Dodged            |    19 |     8 ||    27
Block: Shield            |    81 |    18 ||    99
       Reflection        |     2 |     2 ||     4
